 Dungeon Crawl Stone Soup version 0.31.0-9-g3a7656b989 (webtiles) character file.

Game seed: 3160769032785456974

3304 EnegeticOcto the Carver (level 10, -5/80 HPs)
             Began as a Formicid Shapeshifter on Feb 1, 2024.
             Was a Believer of Dithmenos.
             Slain by a human
             ... wielding a +2 heavy hand axe
              (10 damage)
             ... on level 7 of the Dungeon.
             The game lasted 00:10:00 (7197 turns).

EnegeticOcto the Carver (Formicid Shapeshifter)     Turns: 7197, Time: 00:10:01

Health: -5/80      AC: 15    Str: 23    XL:     10   Next: 21%
Magic:  10/10      EV:  9    Int:  6    God:    Dithmenos [**....]
Gold:   287        SH:  0    Dex: 17    Spells: 9/9 levels left

rFire   . . .        j - +0 great sword
rCold   . . .        (no shield)
rNeg    + . .        h - +0 chain mail
rPois   .            (helmet unavailable)
rElec   .            (no cloak)
rCorr   .            f - +2 pair of gloves
SInv    +            (no boots)
Will    +....        (no amulet) Stlth
                     k - ring "Wiuxour" {rN+ AC+4 Str+4 Int-4}
HPRegen 0.33/turn    (no ring)
MPRegen 0.12/turn

%: no passive effects
@: wreathed by umbra
A: permanent stasis, dig shafts and tunnels, antennae 3, four strong arms
a: Dig, Shaft Self, Renounce Religion, Shadow Step


You were on level 7 of the Dungeon.
You worshipped Dithmenos.
Dithmenos was pleased with you.
You visited 2 branches of the dungeon, and saw 8 of its levels.
You also visited: Bailey.

You collected 425 gold pieces.
You spent 138 gold pieces at shops.

Inventory:

Hand Weapons
 d - a +0 spear of venom
   (You found it on level 7 of the Dungeon)
 i - a +0 spear
   (You found it on level 1 of the Dungeon)
 j - a +0 great sword (weapon)
   (You found it on level 1 of the Dungeon)
Missiles
 m - 9 poisoned darts (quivered)
Armour
 f - a +2 pair of gloves (worn)
   (You found it on level 3 of the Dungeon)
 h - a +0 chain mail (worn)
   (You found it on level 2 of the Dungeon)
Jewellery
 k - the ring "Wiuxour" (left hand) {rN+ AC+4 Str+4 Int-4}
   (You found it on level 2 of the Dungeon)

   [ring of protection]

   AC+4:      It affects your AC (+4).
   Str+4:     It affects your strength (+4).
   Int-4:     It affects your intelligence (-4).
   rN+:       It protects you from negative energy.
Wands
 a - a wand of polymorph (6)
   (You took it off Ijyb on level 5 of the Dungeon)
 e - a wand of flame (41) {@v4}
   (You found it on level 4 of the Dungeon)
 p - a wand of light (3) {@v1}
   (You found it on level 2 of the Dungeon)
 u - a wand of iceblast (11) {@v2}
   (You found it on level 7 of the Dungeon)
Scrolls
 c - 2 scrolls of enchant armour
 g - 2 scrolls of enchant weapon
 l - a scroll of revelation {@r5 !r}
 n - 2 scrolls of vulnerability
 q - a scroll of immolation
 s - a scroll of fog {!r}
Potions
 b - a potion of lignification {@q6}
 o - a potion of ambrosia
 r - a potion of mutation
 t - a potion of heal wounds {unknown}


   Skills:
 - Level 8.0 Fighting
 * Level 11.5 Long Blades
 - Level 1.7 Dodging
 - Level 3.3 Unarmed Combat
 - Level 3.2 Shapeshifting


You had 9 spell levels left.
You didn't know any spells.
Your spell library contained the following spells:

 Spells                   Type           Power      Damage    Failure   Level
 Freeze                   Ice            0%         1d3       98%         1
 Frozen Ramparts          Ice            0%         1d1       100%        3
 Gell's Gravitas          Tloc           0%         N/A       100%        3
 Hailstorm                Conj/Ice       0%         3d5       100%        3
 Inner Flame              Hex/Fire       0%         N/A       100%        3
 Teleport Other           Tloc           0%         N/A       100%        3
 Flame Wave               Conj/Fire      0%         2d4       100%        4
 Sticky Flame             Fire/Alch      0%         2d4       100%        4
 Dispersal                Tloc           0%         N/A       100%        6


Dungeon Overview and Level Annotations

Branches:
Dungeon (7/15) Zot: 26595  Temple (1/1) D:6 Zot: 5826  Bailey (visited)

Altars:
Ashenzari
Cheibriados
Dithmenos
Fedhas
Kikubaaqudgha
Makhleb
Nemelex Xobeh
Okawaru
Qazlal
Ru
Sif Muna
Trog
Uskayaw
Vehumet
Wu Jian
Xom
Yredelemnul
Zin
The Shining One

Shops:
D:3 *


Innate Abilities, Weirdness & Mutations

You cannot be hasted, slowed, berserked, paralysed or teleported.
You can dig through walls and to a lower floor.
You have a pair of large antennae on your head. (SInv)
Your four strong arms can wield two-handed weapons with a shield.


Message History

Found two hand axes.
A bullfrog comes into view.
Found two hand axes.
Found a flagged portal.
The bullfrog croaks.
The bullfrog closely misses you.
You slice the bullfrog!!
You kill the bullfrog!
Dithmenos accepts your kill.
No target in view!
u - a wand of iceblast (11) {@v2} You see here a +0 hand axe.
There is a flagged portal here.
The world spins around you as you enter the gateway.
You enter a bailey!
Found a gate leading back out of this place.
There is an empty arch of ancient stone here.
You start resting.
HP restored.
You open the door.
A goblin, a hobgoblin and 3 humans come into view.
A human is wielding a +2 heavy hand axe.
The human shouts!
The goblin shouts!
The hobgoblin shouts!
The human shouts! x2
You hear a shout! x4
You hit the human but do no damage.
A goblin comes into view. It is wielding a +0 hand axe.
You miss the human.
The human hits you with a +2 heavy hand axe!
You slash the human!
The human is moderately wounded.
The human hits you with a +0 war axe.
You slash the human!
The human is almost dead.
The human barely misses you. x2
You closely miss the human.
The human is almost dead.
The human hits you but does no damage. x2
You hit the human but do no damage. You punch the human.
The human is almost dead.
A human comes into view. It is wielding a +0 war axe.
The human hits you but does no damage. The human barely misses you.
You barely miss the human.
The human is almost dead.
An orc comes into view. It is wielding a +0 hand axe.
The human hits you with a +0 war axe. The human hits you but does no damage.
The human hits you with a +2 heavy hand axe!
You are too injured to fight recklessly!
You barely miss the human.
The orc shouts!
The human barely misses you.
You barely miss the human. The human hits you but does no damage.
The human hits you with a +0 war axe.
You barely miss the human. The human closely misses you.
The human hits you but does no damage.
You miss the human. The human hits you with a +0 war axe.
You closely miss the human.
The human hits you with a +2 heavy hand axe.
The human hits you with a +0 war axe!
Aiming: Bolt of Light
Press: ? - help, Shift-Dir - straight line The bolt of light hits the human!
You kill the human!
Dithmenos accepts your kill.
The bolt of light hits the human!
The human is heavily wounded.
The human is blinded.
The human misses you.
Okay, then.
Okay, then.
The human hits you with a +2 heavy hand axe.
You slice the human!!
You kill the human!
Dithmenos accepts your kill.
You can now step into the shadows of nearby creatures.
You hit the human but do no damage.
The human hits you with a +2 heavy hand axe!
* * * LOW HITPOINT WARNING * * *
The human hits you with a +0 war axe!
* * * LOW HITPOINT WARNING * * *
Okay, then.
Okay, then.
Okay, then.
Okay, then.
Aiming: Polymorph
Press: ? - help, Shift-Dir - straight line, f - human
Aim: a human, wielding a +2 heavy hand axe and wearing a +0 scale mail (umbra, will become a jelly, a yak, or a rime drake, chance to affect: 49%)
Okay, then.
Okay, then.
Okay, then.
The human attacks as it pursues you! The human barely misses you.
There is a gate leading back out of this place here.
Okay, then.
The human hits you with a +0 war axe.
* * * LOW HITPOINT WARNING * * *
Welcome back to the Dungeon!
There is an empty arch of ancient stone here.
The human barely misses you. The human attacks as it pursues you!
The human barely misses you.
Found a quarterstaff.
Found a chain mail.
The human attacks as it pursues you!
The human hits you with a +2 heavy hand axe!
You die...

...........####.#######...#
...........................
...........####..####.....^
...........# ##.......####
...#....)†.#####..........#
#.....)∩)................#
#......)..######........[#
#...#...pp# #..........
#########@# #.......... #.#
#.........# #.# #########.#
... ##...# ...
.#######..### .....
........).... ...).
.#####.)#### ......[ #)##
.#####.###


You could see 2 humans.

Vanquished Creatures
  Pikel (D:6)
  A gargoyle (D:7)
  2 humans (Bailey)
  2 water moccasins
  A black bear (D:6)
  An ice beast (D:5)
  A sky beast (D:6)
  3 ogres
  4 lemures (D:6)
  3 phantoms
  A bullfrog (D:7)
  4 scorpions
  9 wights
  A howler monkey (D:6)
  A bombardier beetle (D:3)
  2 hounds
  3 jellies
  An orc priest (D:6)
  2 sleepcaps (D:6)
  2 iguanas (D:5)
  Ijyb (D:5)
  2 orc wizards (D:5)
  6 adders
  A shadow imp (D:5)
  A white imp (D:6)
  A ribbon worm (D:2)
  7 dart slugs
  17 orcs
  4 bats
  4 endoplasms
  4 giant cockroaches
  8 goblins
  7 hobgoblins
  A jackal (D:4)
  7 kobolds
  2 quokkas
  3 ball pythons
  6 frilled lizards
  6 rats
133 creatures vanquished.

Notes
Turn   | Place    | Note
-------+----------+-------------------------------------------
     0 | D:1      | EnegeticOcto the Formicid Shapeshifter began the quest for
                  | the Orb.
     0 | D:1      | Reached XP level 1. HP: 15/15 MP: 1/1
   173 | D:1      | Reached skill level 2 in Fighting
   173 | D:1      | Reached XP level 2. HP: 21/22 MP: 2/2
  1074 | D:2      | Reached XP level 3. HP: 28/28 MP: 3/3
  1169 | D:2      | Identified the ring "Wiuxour" {rN+ AC+4 Str+4 Int-4}
  1234 | D:2      | Found a faded altar of an unknown god.
  1381 | D:2      | Reached skill level 1 in Long Blades
  1798 | D:3      | Reached XP level 4. HP: 34/34 MP: 4/4
  1916 | D:3      | Reached skill level 3 in Fighting
  1916 | D:3      | Reached skill level 2 in Long Blades
  2086 | D:3      | Found Ocunefoadgh's General Store.
  2095 | D:3      | Bought a scroll of identify for 24 gold pieces
  2095 | D:3      | Bought a scroll of identify for 24 gold pieces
  2095 | D:3      | Bought a scroll of enchant weapon for 90 gold pieces
  2143 | D:3      | Found a radiant altar of Vehumet.
  2268 | D:3      | Found a glowing golden altar of the Shining One.
  2863 | D:4      | Noticed a phantom
  2882 | D:3      | Killed a phantom
  2883 | D:3      | Reached skill level 3 in Long Blades
  2883 | D:3      | Reached XP level 5. HP: 28/42 MP: 5/5
  2958 | D:4      | Reached XP level 6. HP: 48/48 MP: 6/6
  2986 | D:4      | Reached skill level 4 in Fighting
  3229 | D:4      | Reached skill level 4 in Long Blades
  3376 | D:4      | Found a shimmering altar of Xom.
  3436 | D:4      | Noticed an ogre
  3443 | D:4      | Killed an ogre
  3444 | D:4      | Reached XP level 7. HP: 55/55 MP: 7/7
  3588 | D:4      | Found a bloodstained altar of Trog.
  3588 | D:4      | Found a basalt altar of Yredelemnul.
  3588 | D:4      | Found a shadowy altar of Dithmenos.
  3843 | D:4      | Became a worshipper of Dithmenos the Shadowed
  3872 | D:5      | Entered Level 5 of the Dungeon
  3872 | D:5      | Noticed Ijyb
  3874 | D:5      | Killed Ijyb
  3875 | D:5      | Reached skill level 5 in Long Blades
  3903 | D:5      | Found a shimmering blue altar of Sif Muna.
  3959 | D:5      | Found a broken altar of Ashenzari.
  4068 | D:5      | Reached skill level 5 in Fighting
  4282 | D:5      | Reached skill level 6 in Long Blades
  4303 | D:5      | Reached XP level 8. HP: 40/63 MP: 8/8
  5077 | D:6      | Reached skill level 6 in Fighting
  5077 | D:6      | Reached skill level 7 in Long Blades
  5274 | D:6      | Found a staircase to the Ecumenical Temple.
  5287 | D:6      | Reached * piety under Dithmenos
  5293 | Temple   | Entered the Ecumenical Temple
  5705 | D:6      | Reached skill level 8 in Long Blades
  5789 | D:6      | Reached XP level 9. HP: 55/71 MP: 9/9
  5936 | D:6      | Reached skill level 7 in Fighting
  6346 | D:6      | Noticed Pikel
  6392 | D:6      | Killed Pikel
  6393 | D:6      | Reached skill level 9 in Long Blades
  6686 | D:6      | Reached skill level 8 in Fighting
  6865 | D:7      | Reached skill level 10 in Long Blades
  6970 | D:7      | Noticed a gargoyle
  6976 | D:7      | Killed a gargoyle
  6977 | D:7      | Reached XP level 10. HP: 61/80 MP: 10/10
  7010 | D:7      | Reached skill level 11 in Long Blades
  7139 | D:7      | Found a flagged portal.
  7149 | Bailey   | Entered a bailey
  7190 | Bailey   | Reached ** piety under Dithmenos
  7193 | Bailey   | HP: 4/80 [human/+0 war axe (6)]
  7197 | D:7      | Slain by a human

Illustrated notes

Levels and vault maps discovered:
D:1:      lightli_arrival_quake, layout_basic, serial_bayou_lagoon_a
D:2:      layout_basic, ebering_ecumenical_altar_abandoned
D:3:      layout_basic, tso_altar, vehumet_crystals, serial_shops,
          nicolae_shop_hallway_stairs, grunt_decor_one_mirror,
          nicolae_concentric_dashed_squares_wild, kennysheep_big_empty_room
D:4:      minmay_skewed_foursquare, layout_basic,
          chequers_temple_overflow_statue_of_worship, xom_teletrap_fun,
          minmay_goblin_outpost
D:5:      layout_basic, mainiacjoe_overflow_tiny_flanked,
          nicolae_ashenzari_panopticon, nicolae_kite_square_tiling_tiny,
          uniq_ijyb
D:6:      layout_cave_pods, temple_fountains, uniq_pikel
D:7:      layout_rooms, enter_bailey_2, water_boxes_lemuel
Temple:   nicolae_temple_bog_church

Skill      XL: |  1  2  3  4  5  6  7  8  9 10 |
---------------+-------------------------------+-----
Fighting       | 2 3 4 5 6 8 |  8.0
Long Blades    | 1 3 4 6 8 10 11 | 11.5
Dodging        | |  1.7
Unarmed Combat | |  3.3
Shapeshifting  | |  3.2

Action                     |  1- 3 |  4- 6 |  7- 9 | 10-12 || total
---------------------------+-------+-------+-------+-------++-------
  Melee: Unarmed           |    47 |       |       |       ||    47
         Punch             |     2 |       |     5 |     1 ||     8
         Great sword       |    38 |    82 |   194 |    20 ||   334
  Throw: Dart              |       |     7 |     6 |       ||    13
Ability: Begin Untransform |       |     1 |       |       ||     1
         Dig               |       |       |     1 |       ||     1
  Evoke: Wand              |       |       |     2 |     1 ||     3
    Use: Scroll            |     3 |     5 |     4 |       ||    12
         Potion            |     1 |       |       |       ||     1
   Stab: Sleeping          |     1 |       |       |       ||     1
 Armour: Animal skin       |    44 |    15 |       |       ||    59
         Chain mail        |       |    55 |   145 |    25 ||   225
  Dodge: Dodged            |    51 |    56 |   119 |    12 ||   238
   Form: Beast             |       |     1 |       |       ||     1

Table legend:
 A = Kills in this place as a percentage of kills in the entire game.
 B = Kills by you in this place as a percentage of kills by you in the entire game.
 C = Kills by friends in this place as a percentage of kills by friends in the entire game.
 D = Other kills in this place as a percentage of other kills in the entire game.
 E = Experience gained in this place as a percentage of experience gained in the entire game.
 F = Experience gained in this place divided by the number of levels of this place that you have seen.
                   A       B       C       D       E      F
               +-------+-------+-------+-------+-------+----------------------
         Total | 100.0 | 100.0 |   N/A |   N/A | 100.0 | 524.6
       Dungeon |  98.4 |  98.4 |   N/A |   N/A |  91.9 | 620.0
        Bailey |   1.6 |   1.6 |   N/A |   N/A |   8.1 | 381.0
               +-------+-------+-------+-------+-------+----------------------

Table legend: (Time is in decaauts)
 A = Elapsed time spent in this place.
 B = Non-inter-level travel time spent in this place.
 C = Inter-level travel time spent in this place.
 D = Time resting spent in this place.
 E = Time spent auto-exploring this place.
 F = Levels seen in this place.
 G = Mean time per level.
                   A        B        C        D        E       F      G
               +--------+--------+--------+--------+--------+-----+--------+
         Total |   7339 |   6799 |    540 |    639 |   4772 |   9 |  815.4 |
       Dungeon |   7119 |   6579 |    540 |    444 |   4772 |   7 | 1017.0 |
        Temple |    173 |    173 |      0 |    172 |      0 |   1 |  173.0 |
        Bailey |     46 |     46 |      0 |     23 |      0 |   1 |   46.0 |
               +--------+--------+--------+--------+--------+-----+--------+

Top non-repeatable levels by time:
     D:6: 1574 daAuts
     D:5: 1188 daAuts
     D:3: 1144 daAuts
     D:4: 971 daAuts
     D:1: 965 daAuts
     D:2: 871 daAuts
     D:7: 403 daAuts
  Temple: 173 daAuts
  Bailey: 46 daAuts
